 Dungeon Crawl Stone Soup version 0.26-a0-52-gd53d4cd058 (webtiles) character file.

Game seed: 4484077171693048875

47 mortelune the Poker (level 3, 0/29 HPs)
             Began as a Merfolk Skald on June 6, 2020.
             Hit by a goblin thrown by Robin (1 damage)
             ... on level 2 of the Dungeon.
             The game lasted 00:01:44 (1405 turns).

mortelune the Poker (Merfolk Skald)                 Turns: 1405, Time: 00:01:45

Health: 0/29       AC:  3    Str: 12    XL:     3   Next: 70%
Magic:  5/6        EV: 13    Int: 12    God:
Gold:   91         SH:  0    Dex: 13    Spells: 3/6 levels left

rFire    . . .     SeeInvis .   a - +0 spear
rCold    . . .     Gourm    .   (no shield)
rNeg     . . .     Faith    .   b - +0 leather armour
rPois    .         Spirit   .   (no helmet)
rElec    .         Reflect  .   (no cloak)
rCorr    .         Harm     .   (no gloves)
MR       .....                  (no boots)
Stlth    +.........             (no amulet)
HPRegen  0.09/turn              (no ring)
MPRegen  0.10/turn              (no ring)

@: no status effects
A: change form in water, swift swim, stealthy swim
a: no special abilities


You were on level 2 of the Dungeon.
You were not hungry.

You visited 1 branch of the dungeon, and saw 2 of its levels.

You collected 91 gold pieces.

Inventory:

Hand Weapons
 a - a +0 spear (weapon)
Armour
 b - a +0 leather armour (worn)
Scrolls
 c - 3 scrolls of teleportation {unknown}
 e - a scroll of enchant armour {unknown}
 f - a scroll of immolation {unknown}
 g - a scroll of random uselessness {unknown}
 j - a scroll of identify {unknown}
Potions
 h - 2 potions of stabbing {unknown}
 k - a potion of cancellation {unknown}
Comestibles
 d - 4 rations
 i - 4 chunks of flesh


   Skills:
 + Level 3.0 Fighting
 + Level 4.1 Polearms
 - Level 0.6 Armour
 + Level 3.7 Dodging
 - Level 2.0 Spellcasting
 - Level 3.2 Charms


You had 3 spell levels left.
You knew the following spells:

 Your Spells              Type           Power        Failure   Level  Hunger
a - Infusion              Chrm           #...         9%          1    ##.....
b - Song of Slaying       Chrm           #.......     14%         2    ###....

Your spell library contained the following spells:

 Spells                   Type           Power        Failure   Level  Hunger
 Shroud of Golubria       Chrm/Tloc      #.....       26%         2    ###....
 Ozocubu's Armour         Chrm/Ice       #.......     47%         3    ####...
 Spectral Weapon          Hex/Chrm       #.......     47%         3    ####...


Dungeon Overview and Level Annotations

Branches:
Dungeon (2/15)

Altars:
Cheibriados

Annotations:
D:2 Robin


Message History

Robin shouts!
The goblin shouts!
The hobgoblin shouts!
The goblin wields a +0 hunting sling.
The goblin shoots a stone.
The stone barely misses you.
A goblin comes into view.
Found a ration.
You see here a stone.
The goblin shouts! x2; You hear a shout!
A hobgoblin comes into view. It is wielding a +0 club.
Robin throws the goblin at you!
* * * LOW HITPOINT WARNING * * *
The goblin hits you.
* * * LOW HITPOINT WARNING * * *
Robin roars a battlecry!
The goblins go into a battle-frenzy!
A goblin comes into view. It is wielding a +0 dagger.
The goblin barely misses you. The goblin hits you.
* * * LOW HITPOINT WARNING * * *
Robin throws the goblin at you!
You die...

###.###..g.#..#.###.# #.....#.#
....♣.♣..g###.#..##. ...##w#
...............####..#..######..#
)÷≈≈≈≈≈≈......lgg###.##........##
.≈≈####≈≈......#@# #..###........
.≈## ##≈......#.# ##...###......
.≈# #≈.....♣#.# ###.......... .≈#
#≈....♣...# #####.....# .≈##
##≈.....♣.## #######
.≈≈####≈≈.......#
..≈≈≈≈≈≈........ ................
..........♣


You could see a worm, Robin, 2 hobgoblins, 4 goblins and a frilled lizard.

Vanquished Creatures
  An ooze (D:2)
  A worm (D:2)
  A dart slug (D:2)
  3 leopard geckos
  An orc (D:2)
  4 bats (D:2)
  7 goblins
  4 hobgoblins (D:1)
  4 kobolds (D:1)
  A quokka (D:2)
  4 rats (D:1)
31 creatures vanquished.

Notes
Turn   | Place    | Note
-------+----------+-------------------------------------------
     0 | D:1      | mortelune the Merfolk Skald began the quest for the Orb.
     0 | D:1      | Reached XP level 1. HP: 16/16 MP: 3/3
   100 | D:1      | Reached XP level 2. HP: 23/23 MP: 5/5
   141 | D:1      | Learned a level 2 spell: Song of Slaying
   836 | D:2      | Found a snail-covered altar of Cheibriados.
   843 | D:2      | Reached XP level 3. HP: 26/28 MP: 6/6
  1121 | D:2      | Reached skill level 4 in Polearms
  1390 | D:2      | Noticed Robin
  1403 | D:2      | HP: 1/29 [goblin[Robin] (3)]
  1405 | D:2      | Hit by a goblin thrown by Robin

Illustrated notes

Levels and vault maps discovered:
D:1:      scummos_arrival_forest, layout_basic
D:2:      layout_basic, kennysheep_slug_shrine, kennysheep_decorative_pillar,
          minmay_randomly_rotated_circles, uniq_robin

Skill      XL: |  1  2  3 |
---------------+----------+-----
Dodging        | 3 |  3.7
Polearms       | 4 |  4.1
Fighting       | 3 |  3.0
Armour         | |  0.6
Spellcasting   | |  2.0
Charms         | |  3.2

Action                   || total
-------------------------++-------
Melee: Spear             ||   108
 Cast: Infusion          ||     6
       Song of Slaying   ||     2
  Eat: Chunk             ||     2
Armor: Leather armour    ||    29
Dodge: Dodged            ||    76

Table legend:
 A = Non-vault XP
 B = Vault XP
 C = Vault XP percentage of total XP
 D = Non-vault monster count
 E = Vault monster count
 F = Vault count percentage of total count
                 A         B        C        D         E       F
            +---------+---------+-------+---------+---------+-------
      Total |      56 |      12 |  17.6 |      26 |       5 |  16.1
            +---------+---------+-------+---------+---------+-------
        D:1 |      28 |       0 |   0.0 |      17 |       0 |   0.0
        D:2 |      28 |      12 |  30.0 |       9 |       5 |  35.7
            +---------+---------+-------+---------+---------+-------
